 Dungeon Crawl Stone Soup version 0.31.0-12-g77e489cdc1 (webtiles) character file.

Game seed: 4273330992919248000

219988 raph the Hermetic (level 19, -6/162 HPs)
             Began as a Merfolk Alchemist on Feb 26, 2024.
             Was the Champion of Ashenzari.
             Mangled by a vault warden
             ... wielding a +0 great mace
              (25 damage)
             ... on level 1 of the Vaults on Feb 27, 2024.
             The game lasted 01:55:19 (54543 turns).

raph the Hermetic (Merfolk Alchemist)              Turns: 54543, Time: 01:55:20

Health: -6/162     AC: 21    Str:  8    XL:     19   Next: 16%
Magic:  15/47      EV: 28    Int: 28    God:    Ashenzari [******]
Gold:   868        SH:  0    Dex: 22    Spells: 1/49 levels left

rFire   . . .        a - +0 glaive of Ashenzari's Cynicism {freeze, Melee, Comp} (curse)
rCold   . . .        (shield currently unavailable)
rNeg    . . .        c - +2 steam dragon scales of the Astral Atheism {Self, Bglg} (curse)
rPois   .            l - +0 helmet of the Fated Affliction {Cun, Melee} (curse)
rElec   .            j - +2 cloak "Cursed With Me" {rCorr, Self, Fort} (curse)
rCorr   +            n - +2 pair of gloves "Cursed Boredom" {Bglg, Sorc} (curse)
SInv    +            S - +2 pair of boots of the Lashed Comet {Cun, Self} (curse)
Will    +....        T - amulet of the Ruined Pleiades {Regen+, Sorc, Melee} (curse)
Stlth   ++++++       r - ring of Ashenzari's Vision {Int+6, Elem, Fort} (curse)
HPRegen 1.27/turn    Q - ring "Chained Asceticism" {Wiz MP+9 Dex+7, Melee, Range} (curse)
MPRegen 0.30/turn

%: clarity, wizardry (x1)
@: marked, studying Long Blades
A: (nimble swimmer 2), mertail
}: 1/15 runes: barnacled
a: Renounce Religion, Shatter the Chains


You were on level 1 of the Vaults.
You worshipped Ashenzari.
Ashenzari was exalted by your worship.
You visited 6 branches of the dungeon, and saw 31 of its levels.
You visited 1 bazaar.
You also visited: Sewer and Gauntlet.

You collected 3529 gold pieces.
You spent 2661 gold pieces at shops.

Inventory:

Hand Weapons
 a - the cursed +0 glaive of Ashenzari's Cynicism (weapon) {freeze, Melee, Comp}
   (You took it off Maggie on level 7 of the Dungeon)

   It has a curse which improves the following skills: Melee Combat: Short
   Blades, Long Blades, Axes, Maces & Flails, Polearms, Staves and Unarmed
   Combat.
   Companions: Summonings and Necromancy.
 U - a +0 glaive
Missiles
 k - a throwing net
 B - 4 darts of dispersal
Armour
 c - the cursed +2 steam dragon scales of the Astral Atheism (worn) {Self, Bglg}
   (You took it off Maggie on level 7 of the Dungeon)

   It has a curse which improves the following skills: Introspection: Fighting
   and Spellcasting.
   Beguiling: Hexes and Translocations.
 j - the cursed +2 cloak "Cursed With Me" (worn) {rCorr, Self, Fort}
   (You bought it in a shop in a bazaar)

   It has a curse which improves the following skills: Introspection: Fighting
   and Spellcasting.
   Fortitude: Armour and Shields.
 l - the cursed +0 helmet of the Fated Affliction (worn) {Cun, Melee}
   (You found it on level 3 of the Dungeon)

   It has a curse which improves the following skills: Cunning: Dodging and
   Stealth.
   Melee Combat: Short Blades, Long Blades, Axes, Maces & Flails, Polearms,
   Staves and Unarmed Combat.
 n - the cursed +2 pair of gloves "Cursed Boredom" (worn) {Bglg, Sorc}
   (You found it on level 4 of the Dungeon)

   It has a curse which improves the following skills: Beguiling: Hexes and
   Translocations.
   Sorcery:   Conjurations and Alchemy.
 S - the cursed +2 pair of boots of the Lashed Comet (worn) {Cun, Self}
   (You bought it in a shop on level 2 of the Orcish Mines)

   It has a curse which improves the following skills: Cunning: Dodging and
   Stealth.
   Introspection: Fighting and Spellcasting.
 V - the +1 pair of gloves "Divepet" {rN+ Dex+3}
   (You found it in a Gauntlet)

   Dex+3:     It affects your dexterity (+3).
   rN+:       It protects you from negative energy.
Jewellery
 r - the cursed ring of Ashenzari's Vision (left hand) {Int+6, Elem, Fort}
   (You found it on level 4 of the Dungeon)

   [ring of intelligence]

   Int+6:     It affects your intelligence (+6).
   It has a curse which improves the following skills: Elements: Fire Magic, Ice
   Magic, Air Magic and Earth Magic.
   Fortitude: Armour and Shields.
 H - a +4 ring of protection
 O - a +5 ring of evasion
 Q - the cursed ring "Chained Asceticism" (right hand) {Wiz MP+9 Dex+7, Melee, Range}
   (You found it on level 4 of the Lair of Beasts)

   [ring of wizardry]

   Wiz:       It improves your spell success rate.
   Dex+7:     It affects your dexterity (+7).
   MP+9:      It affects your magic capacity (+9).
   It has a curse which improves the following skills: Melee Combat: Short
   Blades, Long Blades, Axes, Maces & Flails, Polearms, Staves and Unarmed
   Combat.
   Ranged Combat: Ranged Weapons and Throwing.
 R - the ring of the Skiapode {rN+ MP+9 Dex+2 SInv Stlth-}
   (You found it on level 2 of the Snake Pit)

   [ring of see invisible]

   Dex+2:     It affects your dexterity (+2).
   rN+:       It protects you from negative energy.
   MP+9:      It affects your magic capacity (+9).
   SInv:      It lets you see invisible.
   Stlth-:    It makes you less stealthy.
 T - the cursed amulet of the Ruined Pleiades (around neck) {Regen+, Sorc, Melee}
   (You bought it in a shop on level 2 of the Orcish Mines)

   [amulet of regeneration]

   Regen+:    It increases your rate of health regeneration.
   It has a curse which improves the following skills: Sorcery: Conjurations and
   Alchemy.
   Melee Combat: Short Blades, Long Blades, Axes, Maces & Flails, Polearms,
   Staves and Unarmed Combat.
 Y - the ring "Nyutis" {rN+ Int+6}
   (You found it in a Gauntlet)

   [ring of positive energy]

   Int+6:     It affects your intelligence (+6).
   rN+:       It protects you from negative energy.
Wands
 b - a wand of polymorph (5)
 g - a wand of roots (43)
 m - a wand of quicksilver (12)
 s - a wand of flame (77)
 I - a wand of charming (16)
 N - a wand of mindburst (22)
 Z - a wand of digging (13)
Scrolls
 e - 4 scrolls of blinking
 h - 2 scrolls of silence
 o - 3 scrolls of fog
 q - 6 scrolls of torment
 y - 6 scrolls of poison
 A - 10 scrolls of teleportation
 C - 3 scrolls of immolation
 E - 2 scrolls of fear
 K - 3 scrolls of amnesia
 P - 5 scrolls of enchant armour
 W - 5 scrolls of enchant weapon
Potions
 f - 7 potions of might
 i - 9 potions of curing
 p - 6 potions of enlightenment
 t - 10 potions of brilliance
 u - 2 potions of cancellation
 v - 7 potions of mutation
 w - 2 potions of haste
 x - a potion of invisibility
 z - a potion of ambrosia
 F - 4 potions of magic
 G - a potion of attraction
 J - a potion of resistance
 L - 2 potions of berserk rage
Miscellaneous
 D - a lightning rod (4/4)


   Skills:
 + Level 13.0(17.7) Fighting
 - Level 14.3(20.0) Polearms
 + Level 8.2(11.9) Armour
 + Level 15.6(19.1) Dodging
 - Level 10.8(14.4) Stealth
 + Level 11.2(15.9) Spellcasting
 - Level 9.0(12.6) Conjurations
 - Level 6.2(9.8) Hexes
 + Level 11.5(14.0) Summonings
 - Level 4.6(6.9) Air Magic
 - Level 17.2(20.6) Alchemy
 - Level 3.7 Evocations


You had one spell level left.
You knew the following spells:

 Your Spells              Type           Power      Damage    Failure   Level
a - Sting                 Conj/Alch      100%       1d9       0%          1
b - Summon Mana Viper     Hex/Summ       73%        N/A       1%          5
c - Mephitic Cloud        Conj/Alch/Air  78%        N/A       1%          3
d - Magic Dart            Conj           100%       1d8       0%          1
e - Olgreb's Toxic Radia  Alch           95%        N/A       0%          4
f - Sticky Flame          Fire/Alch      69%        2d11      1%          4
g - Alistair's Intoxicat  Alch           63%        N/A       0%          5
h - Blink                 Tloc           50%        N/A       1%          2
i - Stone Arrow           Conj/Erth      100%       3d13      1%          3
j - Sigil of Binding      Hex            67%        N/A       1%          3
k - Animate Armour        Summ/Erth      100%       N/A       1%          4
l - Call Imp              Summ           100%       N/A       0%          2
m - Monstrous Menagerie   Summ           39%        N/A       2%          7
n - Manifold Assault      Tloc           25%        N/A       8%          4

Your spell library contained the following spells:

 Spells                   Type           Power      Damage    Failure   Level
 Apportation              Tloc           50%        N/A       1%          1
 Kiss of Death            Conj/Necr      100%       2d13      1%          1
 Mercury Vapours          Alch/Air       100%       N/A       0%          2
 Call Canine Familiar     Summ           79%        N/A       0%          3
 Cigotuvi's Dreadful Rot  Necr/Alch/Air  100%       N/A       1%          2
 Ensorcelled Hibernation  Hex/Ice        100%       N/A       1%          2
 Jinxbite                 Hex            100%       N/A       1%          2
 Lesser Beckoning         Tloc           50%        N/A       1%          2
 Momentum Strike          Conj/Tloc      100%       3d10      1%          2
 Scorch                   Fire           48%        2d7       1%          2
 Static Discharge         Conj/Air       100%       3-8/arc   1%          2
 Sublimation of Blood     Necr           24%        N/A       1%          2
 Confusing Touch          Hex            67%        N/A       1%          3
 Inner Flame              Hex/Fire       50%        N/A       1%          3
 Summon Ice Beast         Ice/Summ       58%        N/A       1%          3
 Tukima's Dance           Hex            67%        N/A       1%          3
 Anguish                  Hex/Necr       25%        N/A       1%          4
 Dimensional Bullseye     Hex/Tloc       25%        N/A       1%          4
 Flame Wave               Conj/Fire      55%        2d13      1%          4
 Martyr's Knell           Necr/Summ      58%        N/A       1%          4
 Petrify                  Alch/Erth      69%        N/A       1%          4
 Summon Lightning Spire   Summ/Air       69%        N/A       1%          4
 Vhi's Electric Charge    Tloc/Air       86%        N/A       1%          4
 Arcjolt                  Conj/Air       33%        1d43      1%          5
 Yara's Violent Unravell  Hex/Alch       41%        3d16      1%          5
 Fugue of the Fallen      Necr           24%        N/A       2%          3
 Gell's Gravitas          Tloc           25%        N/A       2%          3
 Teleport Other           Tloc           25%        N/A       2%          3
 Volatile Blastmotes      Fire/Tloc      48%        2d14      2%          3
 Summon Hydra             Summ           39%        N/A       2%          7
 Dispel Undead            Necr           24%        3d12      8%          4
 Passage of Golubria      Tloc           25%        N/A       8%          4
 Curse of Agony           Necr           24%        N/A       21%         5
 Plasma Beam              Fire/Air       21%        2x1d33    28%         6
 Haunt                    Necr/Summ      29%        N/A       36%         7
 Dispersal                Tloc           12%        N/A       69%         6
 Dragon's Call            Summ           39%        N/A       94%         9
 Lehudib's Crystal Spear  Conj/Erth      27%        10d7      98%         8
 Borgnjor's Revivificati  Necr           12%        N/A       100%        8
 Disjunction              Tloc           12%        N/A       100%        8
 Death's Door             Necr           12%        N/A       100%        9


Dungeon Overview and Level Annotations

Branches:
Dungeon (15/15)            Temple (0/1) D:6            Lair (5/5) D:11
 Shoals (4/4) Lair:2        Snake (4/4) Lair:2        Slime (0/5) Lair:4
    Orc (2/2) D:12            Elf (0/3) Orc:2        Vaults (1/5) D:14
 Depths (0/4) D:15          Sewer (visited)         Gauntlet (visited)

Altars:
Ashenzari
Fedhas
Hepliaklqana
Nemelex Xobeh
Ru
Sif Muna
Xom

Shops:
D:3 !*!   D:8 !   D:15 (*   Orc:2 (=[*?

Annotations:
D:11 2 transporters
D:12 1 runed translucent door, Yehuk's ghost, journeyman GrMo
Lair:3 2 transporters, exclusion: ice statue, Ruicvywi's ghost, journeyman OnSh
Lair:5 exclusion: obsidian statue
Shoals:2 1 runed translucent door, qdestroyer's ghost, journeyman MiFi
Snake:4 exclusion: door, Bai Suzhen


Innate Abilities, Weirdness & Mutations

((You are very nimble when in or above water. (Stealth+, EV+, Speed+++)))
Your lower body shifts to a powerful aquatic tail in water.


Message History

Your lindwurm closely misses the vault warden.
Your lindwurm claws the vault warden but does no damage.
Your lindwurm claws the vault warden.
You hit the vault warden but do no damage.
The vault warden is heavily wounded.
The vault warden hits you with a +0 great mace!
* * * LOW HITPOINT WARNING * * *
Your lindwurm bites the vault warden!
Your lindwurm claws the vault warden. x2
You hit the vault warden but do no damage.
The vault warden is severely wounded.
The vault warden hits you with a +0 great mace!
* * * LOW HITPOINT WARNING * * *
Your lindwurm bites the vault warden.
Your lindwurm claws the vault warden but does no damage.
Your lindwurm barely misses the vault warden.
The vault warden hits your lindwurm with a +0 great mace!!
Unknown command.
Your lindwurm bites the vault warden!
Your lindwurm claws the vault warden.
Your lindwurm claws the vault warden!
The vault guard hits your lindwurm with a +2 dire flail!!
The vault warden hits your lindwurm with a +0 great mace!
Your lindwurm dies!
Your lindwurm's corpse disappears in a puff of smoke!
The vault warden shouts!
You feel much better. The vault warden completely misses you.
Magic courses through your body.
The vault warden hits you with a +0 great mace!
Casting: Monstrous Menagerie (dangerous; 2% risk of failure)
Confirm with . or Enter, or press ? or * to list all spells.
You summon a manticore!
The vault guard hits you but does no damage.
The vault warden hits you with a +0 great mace!!
* * * LOW HITPOINT WARNING * * *
Casting: Monstrous Menagerie (dangerous; 2% risk of failure)
Confirm with . or Enter, or press ? or * to list all spells.
You summon a lindwurm!
The vault guard hits you with a +2 dire flail!
* * * LOW HITPOINT WARNING * * *
The vault warden hits you with a +0 great mace!!
You die...

...# ######...#*,+{**+* ...#
#...#*{*+**,+ ...# #...#*,*,∆*,*
...# #...#*,****** ...#
#...#*,{{,{{, ...# #...#********
...##################...#########
..)...........kp.................
...).........).p@................
...))[)..................[.......
.................H...............
#+#############.....#############
...,,,,,* #.....# #.. ....,,,,*
#.....# ##. .J..,,,,* #.....# #..
....,,,,* #.....# #.~ ..,,,,,,*
#.....# #..


You could see a vault warden (ally target), a vault guard, a friendly manticore
(summoned) and a friendly lindwurm (summoned).

Vanquished Creatures
  Mara (Shoals:4)
  Nikola (Shoals:1)
  Jorgrun (D:15)
  A lich (Vaults:1)
  Polyphemus (Shoals:3)
  Agnes (Snake:2)
  Kirke (D:15)
  Donald (Shoals:2)
  Ilsuiw (Shoals:3)
  Aizul (Snake:2)
  Roxanne (Snake:4)
  Louise (Shoals:3)
  2 vault wardens (Vaults:1)
  An orc warlord (Orc:2)
  A formless jellyfish (Vaults:1)
  A stone giant (D:15)
  A minotaur (Gauntlet)
  A deep elf annihilator (Vaults:1)
  3 dire elephants (Lair:5)
  9 merfolk javelineers
  An ettin (Orc:2)
  An entropy weaver (Vaults:1)
  2 merfolk impalers
  3 yaktaur captains
  An ice dragon (Orc:2)
  2 vault guards (Vaults:1)
  8 hydras
  Harold (D:10)
  5 anacondas
  A catoblepas (Shoals:3)
  An ironbound frostheart (Vaults:1)
  An alligator snapping turtle (Shoals:4)
  3 merfolk aquamancers (Shoals:1)
  2 ogre magi (Vaults:1)
  2 two-headed ogres
  3 naga warriors
  6 centaur warriors
  A satyr (Shoals:4)
  3 boulder beetles
  3 orc high priests (Orc:2)
  14 death yaks
  A tengu warrior (D:14)
  2 shock serpents (Snake:2)
  Urug (Lair:3)
  7 naga sharpshooters
  Sonja (D:12)
  Amaemon (D:8)
  6 skysharks
  15 sea snakes
  A spectral death yak (Lair:5)
  Lodul (D:11)
  A spectral anaconda (Lair:5)
  A salamander mystic (Snake:3)
  A deep troll (Vaults:1)
  3 mana vipers
  2 naga ritualists
  2 arcanists
  3 ironbound convokers (Vaults:1)
  27 harpies
  5 orc knights
  5 salamanders
  4 necromancers
  A wolf spider (Gauntlet)
  4 orc sorcerers (Orc:2)
  6 meliai (D:15)
  16 manticores
  4 fauns (Shoals:2)
  A human skeleton (Vaults:1)
  A moth of wrath (Gauntlet)
  5 ugly things
  6 cyclopes
  3 nameless horrors
  2 kobold blastminers (Orc:2)
  10 merfolk sirens
  15 elephants
  29 black mambas
  5 naga magi
  A guardian serpent (Snake:3)
  2 vault sentinels (Vaults:1)
  A torpor snail (Lair:3)
  An orange demon (D:8)
  20 cane toads
  4 water nymphs
  2 dire elephant zombies (Lair:5)
  Maggie (D:7)
  A dire elephant skeleton (Lair:5)
  3 efreet
  7 rime drakes
  A kobold demonologist (D:12)
  7 komodo dragons
  An unseen horror (D:11)
  A minotaur zombie (Gauntlet)
  6 yaktaurs
  A tengu conjurer (D:14)
  5 polar bears
  5 trolls
  23 merfolk
  7 wind drakes
  A spectral elephant (Lair:5)
  21 blink frogs
  6 snapping turtles
  6 dream sheep
  3 centaur simulacra
  16 slime creatures
  A wraith (D:9)
  11 water elementals
  11 wyverns
  4 wargs
  6 basilisks
  52 yaks
  A death yak simulacrum (Lair:5)
  An elf zombie (Vaults:1)
  5 redbacks
  3 hogs (D:15)
  A steam dragon (D:10)
  Grum (D:8)
  10 vampire mosquitoes
  21 nagas
  3 acid dragons (D:11)
  Edmund (D:5)
  19 water moccasins
  A hell hound (Lair:3)
  3 ice beasts (D:11)
  A meliai simulacrum (Gauntlet)
  29 orc warriors
  An elephant zombie (Lair:5)
  An orc zombie (Vaults:1)
  3 boggarts (D:14)
  A crocodile (Sewer)
  18 wolves
  An elephant skeleton (Lair:5)
  12 ogres
  3 centaurs
  A phantom (D:6)
  5 kobold brigands
  11 bullfrogs
  A gnoll sergeant (D:7)
  3 scorpions
  8 wights
  A hornet simulacrum (Gauntlet)
  3 killer bees (D:9)
  2 howler monkeys
  An electric eel (D:15)
  7 hounds
  9 jellies
  A bombardier beetle (D:5)
  23 orc priests
  A gnoll bouda (D:9)
  A sleepcap (D:6)
  Jessica (D:2)
  4 iguanas (D:5)
  25 orc wizards
  16 hell rats
  Robin (D:3)
  6 gnolls
  7 adders
  2 shadow imps
  8 white imps
  2 dart slugs
  4 ribbon worms
  97 orcs
  9 ball pythons
  8 bats
  5 endoplasms
  2 giant cockroaches
  9 goblins
  4 hobgoblins
  2 jackals (D:2)
  4 quokkas
  A frilled lizard (D:2)
  29 kobolds
  7 rats
  2 butterflies (Lair:5)
1004 creatures vanquished.

Vanquished Creatures (collateral kills)
  An orc warlord (Vaults:1)
  An ironbound thunderhulk (Vaults:1)
  2 merfolk javelineers (Shoals:4)
  A merfolk impaler (Shoals:4)
  An alligator snapping turtle (Shoals:4)
  An anaconda (Snake:3)
  A merfolk avatar (Shoals:3)
  3 naga warriors
  A shock serpent (Snake:3)
  A mana viper (Snake:2)
  A tengu zombie (Vaults:1)
  A deep troll (Vaults:1)
  An ironbound convoker (Vaults:1)
  2 necromancers
  An orc knight (Vaults:1)
  A faun (Shoals:3)
  A cyclops (Shoals:4)
  2 salamanders (Snake:3)
  2 manticores
  2 elephants (Lair:5)
  A vault sentinel (Vaults:1)
  2 water nymphs (Shoals:4)
  4 naga magi
  2 guardian serpents (Snake:3)
  A yaktaur (Vaults:1)
  4 merfolk
  A wind drake (Shoals:3)
  A spectral elephant (Lair:5)
  8 slime creatures
  2 vampire mosquitoes (D:11)
  6 nagas
  A spectral cane toad (Lair:5)
  An orc priest (Orc:2)
61 creatures vanquished.

Vanquished Creatures (others)
  A lich (Vaults:1)
  2 humans (D:15)
  A vampire mosquito (D:14)
  An orc (D:12)
5 creatures vanquished.

Grand Total: 1070 creatures vanquished

Notes
Turn   | Place    | Note
-------+----------+-------------------------------------------
     0 | D:1      | raph the Merfolk Alchemist began the quest for the Orb.
     0 | D:1      | Reached XP level 1. HP: 13/13 MP: 3/3
   408 | D:1      | Reached skill level 1 in Conjurations
   408 | D:1      | Reached XP level 2. HP: 17/19 MP: 0/5
   527 | D:1      | Found a faded altar of an unknown god.
   606 | D:1      | Learned a level 2 spell: Mercury Vapours
   877 | D:2      | Noticed Jessica
   882 | D:2      | Killed Jessica
   883 | D:2      | Reached XP level 3. HP: 24/24 MP: 0/6
   887 | D:2      | Learned a level 3 spell: Mephitic Cloud
  1371 | D:2      | Reached skill level 5 in Alchemy
  1371 | D:2      | Reached XP level 4. HP: 26/30 MP: 2/7
  2738 | D:3      | Found Ybrufiwu's Distillery.
  2759 | D:3      | Reached XP level 5. HP: 35/35 MP: 2/8
  2836 | D:3      | Bought a potion of curing for 42 gold pieces
  3136 | D:3      | Noticed Robin
  3267 | D:4      | Found a broken altar of Ashenzari.
  3377 | D:4      | Became a worshipper of Ashenzari the Shackled
  3668 | D:4      | Reached skill level 1 in Air Magic
  3987 | D:4      | Reached skill level 6 in Alchemy
  3987 | D:4      | Reached XP level 6. HP: 39/41 MP: 5/9
  4182 | D:4      | Learned a level 1 spell: Magic Dart
  5063 | D:3      | Found Seduucs's General Store.
  5102 | D:3      | Found Cikkuuw's Distillery.
  5105 | D:3      | Bought a potion of heal wounds for 60 gold pieces
  5379 | D:3      | Killed Robin
  5712 | D:3      | Bought a potion of enlightenment for 70 gold pieces
  5773 | D:5      | Entered Level 5 of the Dungeon
  5780 | D:5      | Found a glowing drain.
  5797 | Sewer    | Entered a sewer
  5824 | Sewer    | Reached XP level 7. HP: 44/47 MP: 0/10
  6003 | Sewer    | Learned a level 4 spell: Olgreb's Toxic Radiance
  6355 | Sewer    | Reached * piety under Ashenzari
  6369 | Sewer    | Reached skill level 1 in Fighting
  6369 | Sewer    | Reached skill level 7 in Alchemy
  7233 | D:5      | Reached ** piety under Ashenzari
  7263 | D:5      | Reached skill level 1 in Polearms
  7265 | D:5      | Reached XP level 8. HP: 55/55 MP: 7/12
  7749 | D:5      | Noticed Edmund
  7764 | D:5      | Killed Edmund
  8052 | D:6      | Noticed a two-headed ogre
  8076 | D:6      | Killed a two-headed ogre
  8077 | D:6      | Reached skill level 5 in Dodging
  8077 | D:6      | Reached skill level 8 in Alchemy
  8077 | D:6      | Reached XP level 9. HP: 40/63 MP: 2/14
  8624 | D:6      | Found a staircase to the Ecumenical Temple.
  8685 | D:6      | Reached skill level 5 in Stealth
  9023 | D:6      | Learned a level 4 spell: Sticky Flame
  9425 | D:6      | Found a shimmering blue altar of Sif Muna.
  9527 | D:3      | Bought 2 scrolls of enchant armour for 165 gold pieces
  9622 | D:7      | Noticed Maggie
  9640 | D:7      | Killed Maggie
  9641 | D:7      | Reached skill level 9 in Alchemy
 10455 | D:7      | Reached *** piety under Ashenzari
 10675 | D:7      | Reached XP level 10. HP: 72/72 MP: 16/16
 10911 | D:8      | Found Jocwuzeo's Distillery.
 10922 | D:8      | Reached skill level 10 in Alchemy
 10990 | D:8      | Noticed Grum
 11004 | D:8      | Killed Grum
 11005 | D:8      | Reached skill level 5 in Polearms
 11244 | D:8      | Noticed Amaemon
 11257 | D:8      | Killed Amaemon
 11258 | D:8      | Noticed an orange demon
 11294 | D:8      | Killed an orange demon
 11443 | D:8      | Reached skill level 5 in Fighting
 12311 | D:9      | Reached skill level 11 in Alchemy
 12314 | D:9      | Reached skill level 5 in Spellcasting
 12320 | D:9      | Reached skill level 5 in Conjurations
 12395 | D:9      | Reached XP level 11. HP: 43/80 MP: 11/18
 13220 | D:9      | Found a sacrificial altar of Ru.
 13221 | D:9      | Found a sparkling altar of Nemelex Xobeh.
 13466 | D:10     | Entered Level 10 of the Dungeon
 13508 | D:10     | Found a hazy altar of Hepliaklqana.
 13859 | D:10     | Noticed Harold
 13891 | D:10     | Killed Harold
 14507 | D:10     | Learned a level 5 spell: Alistair's Intoxication
 14861 | D:11     | Found a transporter.
 14902 | D:11     | HP: 4/81 [vampire mosquito (7)]
 15239 | D:11     | Noticed a fire crab
 15270 | D:11     | Found a shimmering altar of Xom.
 15466 | D:11     | Noticed a cyclops
 15472 | D:11     | Reached skill level 1 in Armour
 15488 | D:11     | Killed a cyclops
 15489 | D:11     | Reached skill level 12 in Alchemy
 15759 | D:11     | Noticed Lodul
 15801 | D:11     | Killed Lodul
 16082 | D:11     | Found a staircase to the Lair.
 16252 | D:11     | Noticed a cyclops
 16278 | D:11     | Killed a cyclops
 16556 | D:11     | Found a transporter.
 16996 | Lair:1   | Entered Level 1 of the Lair of Beasts
 17008 | Lair:1   | Reached XP level 12. HP: 78/92 MP: 18/23
 17348 | Lair:1   | Learned a level 2 spell: Blink
 17362 | Lair:1   | Reached skill level 13 in Alchemy
 19228 | Lair:2   | Found a staircase to the Snake Pit.
 20029 | Lair:2   | Found a staircase to the Shoals.
 20215 | Lair:2   | Noticed a seven-headed hydra
 20229 | Lair:2   | Reached skill level 14 in Alchemy
 20229 | Lair:2   | Reached XP level 13. HP: 40/101 MP: 12/25
 20247 | Lair:2   | Identified the +1 leather armour "Lieqon" {MP+9}
 20519 | Lair:2   | Reached skill level 10 in Dodging
 21760 | Lair:3   | Noticed Urug
 21774 | Lair:3   | Killed Urug
 22555 | Lair:3   | Reached skill level 1 in Evocations
 23204 | Lair:3   | Noticed Ruicvywi's ghost (journeyman OnSh)
 23465 | Lair:3   | Learned a level 3 spell: Stone Arrow
 23563 | Lair:3   | Found a transporter.
 23564 | Lair:3   | Found a transporter.
 23571 | Lair:3   | Reached skill level 15 in Alchemy
 24462 | Lair:4   | Reached XP level 14. HP: 84/110 MP: 24/27
 24855 | Lair:4   | Reached **** piety under Ashenzari
 24952 | Lair:4   | Found a staircase to the Slime Pits.
 25587 | Lair:4   | Identified the ring "Uciolesi" {Wiz MP+9 Dex+7}
 25600 | Lair:4   | Reached skill level 10 in Stealth
 25709 | Lair:4   | Reached skill level 10 in Polearms
 26072 | Lair:5   | Entered Level 5 of the Lair of Beasts
 26088 | Lair:4   | HP: 5/111 [cane toad (19)]
 26089 | Lair:4   | HP: 2/111 [poisoned by a cane toad]
 26741 | Lair:5   | Reached skill level 1 in Hexes
 27426 | Lair:5   | Reached skill level 16 in Alchemy
 27868 | Lair:5   | Learned a level 3 spell: Sigil of Binding
 28048 | Lair:5   | Noticed a dire elephant
 28049 | Lair:5   | Noticed a dire elephant
 28063 | Lair:5   | Killed a dire elephant
 28106 | Lair:5   | Noticed a dire elephant
 28119 | Lair:5   | Killed a dire elephant
 29107 | Lair:5   | Identified the +0 leather armour "Tuur" {Int+4}
 29130 | Lair:5   | Reached XP level 15. HP: 93/115 MP: 20/29
 29135 | Lair:5   | Learned a level 4 spell: Animate Armour
 29202 | Lair:5   | Learned a level 2 spell: Call Imp
 29239 | Lair:5   | Reached skill level 5 in Armour
 30281 | Lair:5   | Reached skill level 1 in Summonings
 31831 | D:12     | Reached ***** piety under Ashenzari
 32296 | D:12     | Noticed Sonja
 32301 | D:12     | Killed Sonja
 32540 | D:12     | Found a staircase to the Orcish Mines.
 32873 | D:12     | Found a runed translucent door.
 32874 | D:12     | Noticed Yehuk's ghost (journeyman GrMo)
 33221 | Orc:1    | Entered Level 1 of the Orcish Mines
 33589 | Orc:2    | Entered Level 2 of the Orcish Mines
 33894 | Orc:2    | Found Pecabbet's Magic Scroll Shoppe.
 33902 | Orc:2    | Bought a scroll of fear for 48 gold pieces
 34082 | Orc:2    | Found a staircase to the Elven Halls.
 34105 | Orc:2    | Noticed an orc warlord
 34119 | Orc:2    | Killed an orc warlord
 34544 | Orc:2    | Reached skill level 10 in Fighting
 35387 | Orc:2    | Found Moatik's Antique Armour Shop.
 35388 | Orc:2    | Found Suwyf's Antique Weapon Boutique.
 35390 | Orc:2    | Found Xoxiop's General Store.
 35390 | Orc:2    | Found Luos's Jewellery Shop.
 35405 | Orc:2    | Bought a pair of runed boots for 195 gold pieces
 35421 | Orc:2    | Bought an amulet of regeneration for 390 gold pieces
 36190 | D:13     | Found a blossoming altar of Fedhas.
 36196 | D:13     | Identified the cursed +2 pair of boots of the Lashed Comet
                  | {Cun, Self} (You bought it in a shop on level 2 of the
                  | Orcish Mines)
 36494 | D:14     | Found a gate to the Vaults.
 36504 | D:14     | Reached XP level 16. HP: 134/134 MP: 23/32
 36526 | D:14     | Found a gate leading to a gauntlet.
 36544 | Gauntlet | Entered a Gauntlet
 36544 | Gauntlet | Found a transporter.
 36574 | Gauntlet | Found a transporter.
 36589 | Gauntlet | Found a transporter.
 36591 | Gauntlet | Found a large runed translucent door.
 36591 | Gauntlet | Found a large runed translucent door.
 36592 | Gauntlet | Found a large runed translucent door.
 36592 | Gauntlet | Found a large runed translucent door.
 36593 | Gauntlet | Found a large runed translucent door.
 36593 | Gauntlet | Found a large runed translucent door.
 36593 | Gauntlet | Found a runed translucent door.
 36593 | Gauntlet | Found a runed translucent door.
 36593 | Gauntlet | Found a large runed translucent door.
 36594 | Gauntlet | Found a transporter.
 36609 | Gauntlet | Found a transporter.
 36609 | Gauntlet | Identified the ring of Vucifaup {rCorr MP+9 Int+3}
 36624 | Gauntlet | Found a large runed translucent door.
 36625 | Gauntlet | Found a large runed translucent door.
 36626 | Gauntlet | Found a large runed translucent door.
 36626 | Gauntlet | Found a large runed translucent door.
 36627 | Gauntlet | Found a runed translucent gate.
 36627 | Gauntlet | Identified the amulet of Ocianlynn {Regen+ Stlth+}
 36628 | Gauntlet | Found a transporter.
 36628 | Gauntlet | Found a runed translucent gate.
 36629 | Gauntlet | Found a runed translucent gate.
 36629 | Gauntlet | Identified the +1 helmet of the Archfiend {rF+ rN+}
 36630 | Gauntlet | Found a large runed translucent door.
 36630 | Gauntlet | Found a large runed translucent door.
 36631 | Gauntlet | Found a large runed translucent door.
 36632 | Gauntlet | Found a large runed translucent door.
 36639 | Gauntlet | Identified the +1 shortbow "Vumoasan" {speed, rElec rC+
                  | Int+3}
 36640 | Gauntlet | Found a transporter.
 36651 | Gauntlet | Identified the ring "Nyutis" {rN+ Int+6}
 36652 | Gauntlet | Found a transporter.
 36653 | Gauntlet | Identified the ring of Atsaariysh {Fire +Blink Str+3 Int-4}
 36664 | Gauntlet | Found a transporter.
 36665 | Gauntlet | Identified the +0 hat of Misiaq {rN+ Str+4 Stlth+}
 36674 | Gauntlet | Identified the +0 hat of Whack-A-Mole {rElec rCorr}
 36676 | Gauntlet | Found a transporter.
 36693 | Gauntlet | Found a transporter.
 36711 | Gauntlet | Found a transporter.
 36713 | Gauntlet | Found a transporter.
 36738 | Gauntlet | Identified the +1 pair of gloves "Divepet" {rN+ Dex+3}
 36740 | Gauntlet | Found a transporter.
 36832 | Gauntlet | Found a large runed translucent door.
 36838 | Gauntlet | Found a transporter.
 36838 | Gauntlet | Found a transporter.
 36860 | Gauntlet | Found a transporter.
 36963 | Gauntlet | Found a transporter.
 37177 | Gauntlet | Identified Ucwounik's Precepts of Lamentation and
                  | Distillation
 37177 | Gauntlet | Identified the staff "Saloet" {rElec rN+++ Will+ Str+2 Air}
 37204 | Gauntlet | Reached ****** piety under Ashenzari
 38098 | D:15     | Entered Level 15 of the Dungeon
 38120 | D:15     | Noticed Kirke
 38144 | D:15     | Killed Kirke
 38295 | D:15     | Noticed Jorgrun
 38304 | D:15     | Killed Jorgrun
 38305 | D:15     | Reached skill level 5 in Hexes
 38490 | D:15     | Found Peistu's CLEARANCE SALE!.
 38499 | D:15     | Bought a book of Dreams for 72 gold pieces
 38548 | D:15     | Identified the +1 rapier of the Butterfly {freeze, rElec
                  | Dex+3}
 38585 | D:15     | Found Kaeq's Antique Weapon Boutique.
 38761 | D:15     | Bought a masterwork trident for 280 gold pieces
 38761 | D:15     | Identified the +4 trident of Friendship {holy, Str-2 Int+6}
                  | (You bought it in a shop on level 15 of the Dungeon)
 38787 | D:15     | Found a staircase to the Depths.
 38840 | D:15     | Reached skill level 17 in Alchemy
 39674 | D:3      | Bought a potion of haste for 120 gold pieces
 39674 | D:3      | Bought a potion of haste for 120 gold pieces
 39786 | D:8      | Bought a potion of haste for 120 gold pieces
 39786 | D:8      | Bought a potion of resistance for 120 gold pieces
 39786 | D:8      | Bought a potion of might for 48 gold pieces
 39786 | D:8      | Bought a potion of curing for 36 gold pieces
 39786 | D:8      | Bought 2 potions of brilliance for 96 gold pieces
 39786 | D:8      | Bought a potion of enlightenment for 60 gold pieces
 39786 | D:8      | Bought a potion of curing for 36 gold pieces
 39786 | D:8      | Bought a potion of might for 48 gold pieces
 39945 | Shoals:1 | Entered Level 1 of the Shoals
 40317 | Shoals:1 | Noticed Nikola
 40333 | Shoals:1 | Killed Nikola
 41461 | Shoals:1 | Learned a level 5 spell: Summon Mana Viper
 41690 | Shoals:2 | Reached skill level 5 in Summonings
 41956 | Shoals:2 | Noticed Donald
 41966 | Shoals:2 | Reached XP level 17. HP: 114/143 MP: 35/35
 41982 | Shoals:2 | Killed Donald
 42337 | Shoals:2 | Found a runed translucent door.
 42337 | Shoals:2 | Noticed qdestroyer's ghost (journeyman MiFi)
 42337 | Shoals:2 | Identified Performing Successful Magic
 42598 | Shoals:3 | Found a flickering gateway to a bazaar.
 42610 | Bazaar   | Entered a bazaar
 42612 | Bazaar   | Found Icevogh's Book Boutique.
 42616 | Bazaar   | Found Matont's Assorted Antiques.
 42616 | Bazaar   | Found Oczyipt's Jewellery Boutique.
 42616 | Bazaar   | Found Wamuyraj's Armour Boutique.
 42648 | Bazaar   | Bought a +2 cloak of preservation for 193 gold pieces
 42653 | Bazaar   | Bought Offase's Enchiridion on Gathered Nonlocality for 342
                  | gold pieces
 42759 | Shoals:3 | Noticed Polyphemus
 42888 | Shoals:3 | Killed Polyphemus
 42995 | Shoals:3 | Noticed Louise
 43014 | Shoals:3 | Killed Louise
 43291 | Shoals:3 | HP: 6/140 [merfolk/+0 trident[a merfolk javelineer] (19)]
 43292 | Shoals:3 | Noticed Ilsuiw
 43298 | Shoals:3 | Found a runed translucent door.
 44052 | Shoals:3 | Killed Ilsuiw
 44980 | Shoals:3 | Identified the +3 trident "Digev Cyips" {spect, Int+3}
 45129 | Shoals:4 | Entered Level 4 of the Shoals
 45801 | Shoals:3 | Learned a level 7 spell: Monstrous Menagerie
 45938 | Shoals:4 | Noticed Mara
 45959 | Shoals:4 | Noticed raph's illusion
 45962 | Shoals:4 | Killed Mara
 46669 | Shoals:4 | Identified the Atlas of the Geodesic and Formulae
 46857 | Shoals:4 | Identified Sif Muna's Collected Works on the Hyperbolic
                  | Volcano
 47621 | Shoals:4 | Reached skill level 10 in Summonings
 47652 | Shoals:4 | HP: 1/142 [wind drake/the air (20)]
 47667 | Shoals:4 | HP: 7/142 [merfolk javelineer/javelin (12)]
 47669 | Shoals:4 | Reached XP level 18. HP: 9/149 MP: 22/35
 47829 | Shoals:4 | Got a barnacled rune of Zot
 48010 | Shoals:4 | Reached skill level 10 in Spellcasting
 48429 | Snake:1  | Entered Level 1 of the Snake Pit
 48429 | Snake:1  | Identified the +7 flail of Youthful Indiscretion {drain,
                  | rN+ Str-3 SInv}
 48429 | Snake:1  | Identified the +1 ring mail of the Sky {Fly rF+ Slay+2}
 49679 | Snake:2  | Identified the serpent talisman of Zypseufaap {*Corrode
                  | rN++ Will+++ SInv}
 49679 | Snake:2  | Noticed Aizul
 49693 | Snake:2  | Killed Aizul
 50095 | Snake:2  | Noticed Agnes
 50110 | Snake:2  | Killed Agnes
 50339 | Snake:2  | Identified the ring of the Skiapode {rN+ MP+9 Dex+2 SInv
                  | Stlth-}
 52391 | Snake:3  | Reached skill level 15 in Dodging
 52570 | Snake:4  | Entered Level 4 of the Snake Pit
 52582 | Snake:4  | Noticed Roxanne
 52614 | Snake:4  | Killed Roxanne
 52788 | Snake:4  | Identified the Handbook of Movement
 52790 | Snake:4  | Noticed Bai Suzhen
 53019 | Vaults:1 | Entered Level 1 of the Vaults
 53387 | Vaults:1 | Learned a level 4 spell: Manifold Assault
 53988 | Vaults:1 | Noticed a lich
 53988 | Vaults:1 | Noticed a lich
 53988 | Vaults:1 | Identified the Verses on Ozone
 54016 | Vaults:1 | Killed a lich
 54019 | Vaults:1 | Killed a lich
 54020 | Vaults:1 | Reached XP level 19. HP: 105/161 MP: 25/38
 54504 | Vaults:1 | Paralysed by a formless jellyfish for 1 turns
 54517 | Vaults:1 | Paralysed by a formless jellyfish for 1 turns
 54543 | Vaults:1 | Mangled by a vault warden

Illustrated notes

Levels and vault maps discovered:
D:1:      minmay_arrival_split_and_join, layout_rooms,
          shapermc_ecumenical_altar_acropolis
D:2:      layout_loops_corners, kennysheep_generic_room_14, uniq_jessica
D:3:      wad_pebble_path, layout_basic, serial_shops,
          nicolae_shop_tiny_real_fake_doors, shop, shop, minmay_door_square,
          minivault_11, uniq_robin
D:4:      layout_loops_cross, ashenzari_altar_1, chequers_serial_rivers_large_a,
          dk_vineyard_1
D:5:      layout_cave_pods, portal_sewer_entry_d, chequers_jeans, uniq_edmund
D:6:      layout_loops_cross, lemuel_blue_sif_altar,
          minmay_temple_entry_poolview, nicolae_tricolors
D:7:      layout_loops_cross, uniq_maggie
D:8:      layout_loops_cross, serial_shops, shop, uniq_grum, uniq_amaemon
D:9:      layout_roguey, gammafunk_temple_overflow_wave,
          minmay_misc_feat_nine_boxes
D:10:     layout_loops_ring, nicolae_hepliaklqana_hazy_memory, uniq_harold
D:11:     gammafunk_wand_slinger, layout_stronghold, hellmonk_lair_entry_icy,
          xom_teletrap_fun, uniq_lodul
D:12:     layout_basic, minmay_orc_entry_temple_small,
          ebering_ghost_reflecting_pool, minivault_25_ag, uniq_sonja
D:13:     layout_cave_pools, fedhas_altar_2
D:14:     layout_loops_ring, david_vaults_2, gauntlet_entry_generic,
          kennysheep_boxes, serial_aquarium, aquarium_bridge_long_separate
          [aquarium_subvault_window, aquarium_subvault_balcony,
          aquarium_subvault_bridge, aquarium_subvault_wall,
          aquarium_subvault_wall, aquarium_subvault_bridge],
          aquarium_bridge_square [aquarium_subvault_wall,
          aquarium_subvault_bridge, aquarium_subvault_window,
          aquarium_subvault_balcony], aquarium_window_fake,
          aquarium_window_fake, aquarium_window_1, aquarium_window_1,
          aquarium_view_2g, aquarium_view_2e, aquarium_balcony_double_4,
          aquarium_pool_2
D:15:     grunt_enter_depths_giant_problem, layout_basic, serial_shops, shop,
          serial_glass, glass_columns_a, glass_columns_b, serial_park_square1
          [serial_park_minivault_5x5_8], drop_trap, nicolae_shop_clearance,
          uniq_kirke, uniq_jorgrun
Lair:1:   layout_gridlike, serial_rivers, chequers_serial_rivers_large_b,
          chequers_serial_rivers_room_a, chequers_serial_rivers_small_b,
          chequers_serial_rivers_room_a, chequers_serial_rivers_small_b,
          chequers_serial_rivers_small_a, grunt_megastairs_4,
          infiniplex_staircase_pool_2
Lair:2:   layout_long_grid, mainiacjoe_shoals_entry_four_pools,
          guppyfry_snake_entry_island, grunt_forest_small_clearing_treed,
          lemuel_fruit_fields, lemuel_fruit_tree
Lair:3:   layout_long_grid, special_room [special_room_mythical_zoo],
          nzn_ghost_randoct, uniq_urug
Lair:4:   layout_cave_pods, nicolae_slime_entry_field_trip,
          guppyfry_lair_drakes, grunt_megastairs_2
Lair:5:   due_jungle_book, layout_cave_pods, lemuel_fruit_fields
Shoals:1: cheibrodos_shoals_three_sisters, layout_shoals, uniq_nikola
Shoals:2: layout_shoals, ebering_ghost_reflecting_pool, uniq_donald
Shoals:3: layout_shoals, serial_shops, bzr_entry_safe, lightli_airlock,
          uniq_ilsuiw, uniq_louise, uniq_polyphemus
Shoals:4: shoals_end_simple, layout_shoals, uniq_mara
Snake:1:  layout_rooms, grunt_megastairs_5
Snake:2:  layout_grid_maze, nicolae_twisty_statue_hallways, uniq_aizul,
          uniq_agnes
Snake:3:  layout_gridlike, serial_bayou_shore_b
Snake:4:  snake_pit_salamanders_mu, layout_layer_cave, serial_bayou_shore_a,
          uniq_bai_suzhen, uniq_roxanne
Orc:1:    layout_caves, basic_altar
Orc:2:    st_orc_congregation, layout_caves,
          portal_ice_cave_entry_animals_and_master, serial_shops, shop
Vaults:1: hangedman_vaults_slice, ontoclasm_vaults_eye,
          nicolae_vaults_double_plus_1, nicolae_vaults_trapezoid_1,
          nicolae_vaults_library_corner, serial_ice_h,
          nicolae_vaults_closet_pinwheel_4, nicolae_vaults_alarming,
          ontoclasm_vaults_idyll, nicolae_vaults_border_crossing,
          nicolae_vaults_two_Ls, layout_vaults_omnigrid

Skill      XL: |  1  2  3  4  5  6  7  8  9 10 11 12 13 14 15 16 17 18 19 |
---------------+----------------------------------------------------------+-----
Conjurations   | 1 2 3 4 5 6 7 8 9 |  9.0
Dodging        | 3 4 5 6 7 8 9 10 11 12 13 15 | 15.6
Alchemy        | 5 6 7 8 9 11 12 14 15 16 17 | 17.2
Stealth        | 3 4 5 6 7 8 9 10 | 10.8
Air Magic      | 1 2 3 4 |  4.6
Fighting       | 1 3 4 5 6 7 8 9 10 11 12 13 | 13.0
Polearms       | 1 3 4 6 7 8 9 10 12 14 | 14.3
Spellcasting   | 3 4 5 6 7 8 9 11 | 11.2
Armour         | 1 3 4 5 6 8 |  8.2
Evocations     | 2 3 |  3.7
Hexes          | 2 4 5 6 |  6.2
Summonings     | 3 5 10 11 | 11.5

Action                     |  1- 3 |  4- 6 |  7- 9 | 10-12 | 13-15 | 16-18 | 19-21 || total
---------------------------+-------+-------+-------+-------+-------+-------+-------++-------
  Melee: War axe           |    13 |     5 |       |       |       |       |       ||    18
         Spear             |       |    20 |       |       |       |       |       ||    20
         Trident           |       |     9 |   125 |       |       |       |       ||   134
         Tailslap          |       |     2 |       |     1 |       |    42 |       ||    45
         Punch             |       |       |     1 |       |       |       |       ||     1
         Glaive            |       |       |    26 |   293 |   592 |  1254 |    62 ||  2227
   Cast: Sting             |    39 |    91 |    35 |    15 |    12 |       |       ||   192
         Mercury Vapours   |     2 |     4 |     1 |       |     1 |       |       ||     8
         Mephitic Cloud    |       |     5 |    15 |    32 |    51 |    50 |     1 ||   154
         Olgreb's Toxic Ra |       |       |    27 |    64 |   124 |    93 |       ||   308
         Magic Dart        |       |       |     8 |       |    10 |     1 |       ||    19
         Sticky Flame      |       |       |     2 |    40 |   128 |    31 |     5 ||   206
         Alistair's Intoxi |       |       |       |     2 |       |     4 |       ||     6
         Blink             |       |       |       |     1 |     4 |     1 |       ||     6
         Stone Arrow       |       |       |       |       |    47 |    92 |       ||   139
         Animate Armour    |       |       |       |       |    10 |    14 |     1 ||    25
         Call Imp          |       |       |       |       |     5 |    10 |     1 ||    16
         Sigil of Binding  |       |       |       |       |       |     2 |       ||     2
         Monstrous Menager |       |       |       |       |       |    34 |     9 ||    43
         Summon Mana Viper |       |       |       |       |       |     1 |       ||     1
         Manifold Assault  |       |       |       |       |       |     5 |     4 ||     9
 Invoke: Curse Item        |       |     1 |     4 |     1 |     4 |     2 |       ||    12
         Shatter the Chain |       |       |       |     1 |     1 |     1 |       ||     3
  Evoke: Wand              |       |       |     4 |     5 |     5 |       |       ||    14
         Lightning rod     |       |       |       |       |       |     3 |       ||     3
    Use: Scroll            |       |     9 |     5 |     5 |     5 |     6 |       ||    30
         Potion            |       |       |       |     4 |     5 |    10 |     2 ||    21
   Stab: Sleeping          |       |     2 |     3 |     8 |     7 |    28 |       ||    48
         Confused          |       |       |     2 |    13 |    31 |    43 |       ||    89
         Distracted        |       |       |     1 |     1 |     2 |    14 |     2 ||    20
         Paralysed         |       |       |       |       |       |     1 |       ||     1
 Armour: Robe              |    17 |    35 |    28 |       |       |       |       ||    80
         Leather armour    |       |       |    54 |    26 |       |       |       ||    80
         Steam dragon scal |       |       |       |   228 |   447 |   602 |    34 ||  1311
  Dodge: Dodged            |    14 |    44 |    87 |   299 |   743 |  1389 |    72 ||  2648
